 Dungeon Crawl Stone Soup version 0.22-a0-247-gbddf880757 (webtiles) character file.

1139 Peterchen the Ruffian (level 8, 0/79 HPs)
             Began as a Troll Monk on Feb 23, 2018.
             Slain by a killer bee (3 damage)
             ... on level 5 of the Dungeon.
             The game lasted 00:11:10 (4097 turns).

Peterchen the Ruffian (Troll Monk)                  Turns: 4097, Time: 00:11:11

Health: 0/79       AC:  5    Str: 22    XL:     8   Next: 14%
Magic:  16/16      EV: 11    Int:  6    God:
Gold:   47         SH:  0    Dex: 12    Spells: 7/7 levels left

rFire    . . .     SeeInvis .     - Unarmed
rCold    . . .     Gourm    +   (no shield)
rNeg     + . .     Faith    .   a - +0 robe
rPois    .         Spirit   .   (helmet restricted)
rElec    .         Reflect  .   (no cloak)
rCorr    .         Harm     .   (gloves unavailable)
MR       .....                  (boots unavailable)
Stlth    ++........             (no amulet)
HPRegen  0.63/turn              i - ring of magical power
MPRegen  0.15/turn              q - ring of positive energy

@: lethally poisoned (0 -> -31)
A: large, unfitting armour, claws 3, fast metabolism 3, gourmand, regeneration
1, shaggy fur 1, tough skin 2
a: no special abilities


You were on level 5 of the Dungeon.
You were completely stuffed.

You visited 1 branch of the dungeon, and saw 5 of its levels.

You collected 242 gold pieces.
You spent 195 gold pieces at shops.

Inventory:

Missiles
 l - 17 poisoned needles (quivered)
 n - 7 javelins
 o - 4 steel tomahawks
Armour
 a - a +0 robe (worn)
Jewellery
 i - a ring of magical power (left claw)
 q - a ring of positive energy (right claw)
Wands
 t - a wand of digging (11)
 v - a wand of polymorph (12)
Scrolls
 d - 2 scrolls of fear {unknown}
 e - 3 scrolls of teleportation {unknown}
 f - a scroll of magic mapping {unknown}
 h - 3 scrolls of remove curse {unknown}
 j - 2 scrolls of enchant weapon {unknown}
 k - 6 scrolls of identify {unknown}
 u - a scroll of amnesia {unknown}
 x - a scroll of fog {unknown}
Potions
 c - 4 potions of curing {unknown}
 m - a potion of haste {unknown}
 p - 2 potions of degeneration {unknown}
 r - 2 potions of ambrosia {unknown}
 s - a potion of mutation {unknown}
 w - a potion of brilliance {unknown}
 A - a potion of cancellation {unknown}
Comestibles
 b - 6 rations
 z - 2 chunks of flesh


   Skills:
 + Level 4.3 Fighting
 + Level 4.3 Dodging
 + Level 2.7 Stealth
 * Level 6.8 Unarmed Combat


You had 7 spell levels left.
You didn't know any spells.

Dungeon Overview and Level Annotations

Branches:
Dungeon (5/15)
 Temple: D:4-7

Altars:
Gozag
The Shining One

Shops:
D:5 !


Innate Abilities, Weirdness & Mutations

You are too large for most types of armour.
You have claws for hands.
Your metabolism is lightning-fast.
You like to eat raw meat.
Your natural rate of healing is unusually fast.
You are covered in fur. (AC +1)
You have very tough skin. (AC +2)


Message History

The killer bee stings you but does no damage.
The killer bee stings you. The killer bee closely misses you.
* * * LOW HITPOINT WARNING * * *
You feel very sick. The killer bee closely misses you. x2
* * * LOW HITPOINT WARNING * * *
You feel very sick. The killer bee stings you.
* * * LOW HITPOINT WARNING * * *
You are more poisoned.
The killer bee poisons you! The killer bee barely misses you.
* * * LOW HITPOINT WARNING * * *
You feel very sick.
The killer bee barely misses you. x2; The killer bee closely misses you.
* * * LOW HITPOINT WARNING * * *
You feel very sick. The killer bee stings you!
* * * LOW HITPOINT WARNING * * *
The killer bee stings you.
You die...

###########..#....####......#
#.........# #......#
####.........####......#
#............#..+......#
##.####...#'##.#.......#
#.<#.'...#....#._..##.#
#..#.#...#'####...###.#
#..#.###..........# #.#
####.# #..@.......# #.# #.#
#.yyy......# #.# #.#
#..........# #.# ####### #)#
#...##########.# ......####.#
#...# ......##.#####
......'....# #.#.#
......##......
......########.#.#
......######## ......#
#<##.#.##......# ......#
#.##.#†.#.y....#


You could see 3 killer bees.

Vanquished Creatures
  2 sky beasts (D:5)
  2 ogres (D:5)
  A water moccasin zombie (D:5)
  A scorpion (D:4)
  2 killer bees (D:5)
  2 hounds
  An orc priest (D:2)
  Jessica (D:2)
  Natasha (thrice) (D:2 D:4)
  An iguana (D:4)
  7 worker ants
  A mummy (D:4)
  4 gnolls (D:3)
  6 adders
  An ooze (D:2)
  2 adder skeletons (D:5)
  3 worms
  A dart slug (D:3)
  4 leopard geckos
  6 orcs
  A ball python (D:4)
  4 giant cockroaches
  3 goblins
  6 hobgoblins
  15 jackals
  11 kobolds
  4 quokkas
  2 bats
  3 frilled lizards
  2 hobgoblin zombies (D:4)
  A quokka skeleton (D:4)
  5 rats
108 creatures vanquished.

Notes
Turn   | Place    | Note
-------+----------+-------------------------------------------
     0 | D:1      | Peterchen the Troll Monk began the quest for the Orb.
     0 | D:1      | Reached XP level 1. HP: 22/22 MP: 0/0
   138 | D:1      | Reached XP level 2. HP: 29/29 MP: 1/1
   666 | D:2      | Reached XP level 3. HP: 22/36 MP: 2/2
   774 | D:2      | Reached XP level 4. HP: 37/44 MP: 3/3
   809 | D:2      | Noticed Natasha
   815 | D:2      | Killed Natasha
   815 | D:2      | Reached skill level 4 in Unarmed Combat
   823 | D:2      | Noticed Jessica
   835 | D:2      | Killed Jessica
   884 | D:2      | Noticed Natasha
   898 | D:2      | Killed Natasha
   898 | D:2      | Reached XP level 5. HP: 35/53 MP: 4/4
  1623 | D:3      | Reached XP level 6. HP: 57/61 MP: 5/5
  2074 | D:3      | Found a glowing golden altar of the Shining One.
  2258 | D:4      | Reached skill level 5 in Unarmed Combat
  2514 | D:4      | Noticed Natasha
  2521 | D:4      | Killed Natasha
  3160 | D:4      | Reached XP level 7. HP: 50/68 MP: 6/6
  3441 | D:5      | Entered Level 5 of the Dungeon
  3466 | D:5      | Found an opulent altar of Gozag.
  3676 | D:5      | Reached skill level 6 in Unarmed Combat
  3692 | D:5      | Found Liniarem's Distillery.
  3782 | D:5      | Bought a potion of heal wounds for 65 gold pieces
  3782 | D:5      | Bought 2 potions of heal wounds for 130 gold pieces
  3854 | D:5      | Reached XP level 8. HP: 35/78 MP: 7/7
  4097 | D:5      | HP: 3/79 [killer bee (7)]
  4097 | D:5      | Slain by a killer bee

Vault maps used:
D:1:      minmay_arrival_plants_in_alcoves, minmay_misc_feat_rows
D:2:      minmay_misc_feat_alley, uniq_natasha, uniq_jessica
D:3:      nicolae_tso_carved_into_rock, nicolae_overflow_hidden_temple,
          first_ration, hangedman_decor_diamond_cutter
D:4:      nicolae_ossuary_entry_giza
D:5:      nicolae_gozag_seed_capital, serial_shops, shop, uniq_menkaure

Skill      XL: |  1  2  3  4  5  6  7 |
---------------+----------------------+-----
Unarmed Combat | 4 5 6 |  6.8
Fighting       | 3 4 |  4.3
Dodging        | 3 4 |  4.3
Stealth        | 2 |  2.7

Action                   |  1- 3 |  4- 6 |  7- 9 || total
-------------------------+-------+-------+-------++-------
Melee: Unarmed           |    53 |   167 |    94 ||   314
       Punch             |       |     3 |     1 ||     4
Evoke: Wand              |       |       |     1 ||     1
  Use: Potion            |       |       |     4 ||     4
 Stab: Sleeping          |     5 |     7 |     1 ||    13
       Distracted        |       |     1 |     1 ||     2
  Eat: Chunk             |    13 |    21 |     9 ||    43
Armor: Robe              |    11 |    33 |    33 ||    77
Dodge: Dodged            |    22 |    73 |    54 ||   149

Table legend:
 A = Spawn XP
 B = Non-spawn XP
 C = Spawn XP percentage of total XP
 D = Spawn monster count
 E = Non-spawn monster count
 F = Spawn count percentage of total count
 G = Total turns spent on level
                    A         B        C        D         E        F      G
               +---------+---------+-------+---------+---------+-------+---------
         Total |       0 |    1628 |   0.0 |       0 |     108 |   0.0 |  4097
               +---------+---------+-------+---------+---------+-------+---------
           D:1 |       0 |      27 |   0.0 |       0 |      16 |   0.0 |   630
           D:2 |       0 |     219 |   0.0 |       0 |      23 |   0.0 |   664
           D:3 |       0 |     171 |   0.0 |       0 |      29 |   0.0 |   952
           D:4 |       0 |     333 |   0.0 |       0 |      19 |   0.0 |  1195
           D:5 |       0 |     878 |   0.0 |       0 |      21 |   0.0 |   656
               +---------+---------+-------+---------+---------+-------+---------
